 Dungeon Crawl Stone Soup version bcrawl-1.19.1 (webtiles) character file.

Game seed: 6362567318385477506

4165 Freyura the Basher (level 10, -5/60 HPs)
             Began as a Skeleton Fighter on Nov 25, 2019.
             Was a Priest of Makhleb.
             Killed from afar by a gargoyle (23 damage)
             ... with a stone arrow
             ... on level 8 of the Dungeon on Nov 26, 2019.
             The game lasted 00:22:58 (6063 turns).

Freyura the Basher (Skeleton Fighter)               Turns: 6063, Time: 00:22:58

Health: -5/60      AC: 17    Str: 22 (23) XL:     10   Next: 7%
Magic:  0/13       EV: 10    Int:  6 (7)  God:    Makhleb [***...]
Gold:   559        SH: 11    Dex: 10 (11) Spells: 9/9 levels left

rFire    . . .     SeeInvis .   q - +3 flail (crush)
rCold    + . .     Gourm    .   c - +0 shield
rNeg     + + +     Faith    .   r - +0 chain mail
rPois    ∞         Spirit   +   (no helmet)
rElec    .         Reflect  .   p - +0 cloak {rPois}
rCorr    .         Harm     .   n - +0 pair of gloves
MR       +....                  (no boots)
Stlth    ..........             (no amulet)
HPRegen  0.20/turn              e - +4 ring of protection
MPRegen  0.13/turn              (no ring)

@: no status effects
A: no food or potions, cold resistance 1, deterioration 1, negative energy
resistance 3, powered by death 1, torment resistance, unbreathing, magic shield,
sturdy frame 2, spell healing
a: Minor Destruction, Lesser Servant of Makhleb, Renounce Religion


You were on level 8 of the Dungeon.
You worshipped Makhleb.
Makhleb was most pleased with you.
You were not hungry.

You visited 1 branch of the dungeon, and saw 8 of its levels.

You collected 559 gold pieces.

Inventory:

Hand Weapons
 g - a +3 flail
 h - a +3 whip
 q - a +3 flail of crushing (weapon)
 t - the +9 hunting sling of Truth {freeze, rElec Int+4, unknown}
   (You found it on level 7 of the Dungeon)

   It causes projectiles fired from it to freeze those they strike, causing
   extra injury to most foes and up to half again as much damage against
   particularly susceptible opponents.
   They can also slow down cold-blooded creatures.
   It affects your intelligence (+4).
   It insulates you from electricity.
 u - the +6 arbalest of the Hall of Blades {elec, Str-3 Dex+3, unknown}
   (You found it on level 7 of the Dungeon)

   It charges the ammunition it shoots with electricity; occasionally upon a
   hit, such missiles may discharge and cause terrible harm.
   It affects your strength (-3).
   It affects your dexterity (+3).
Armour
 b - a +0 scale mail
 c - a +0 shield (worn)
 n - a +0 pair of gloves (worn)
 p - a +0 cloak of poison resistance (worn)
 r - a +0 chain mail (worn)
Jewellery
 e - a +4 ring of protection (left hand)
Wands
 i - a wand of scattershot (4)
 l - a wand of acid (12)
 m - a wand of flame (38)
Scrolls
 a - 7 scrolls of identify
 d - 2 scrolls of amnesia
 f - a scroll of immolation
 j - a scroll of blinking
 k - 6 scrolls of remove curse
 o - 5 scrolls of teleportation
 s - 3 scrolls of enchant armour {unknown}


   Skills:
 + Level 6.3 Fighting
 * Level 9.7 Maces & Flails
 + Level 6.9 Armour
 + Level 5.2 Dodging
 + Level 7.6 Shields
 + Level 4.7 Invocations


You had 9 spell levels left.
You didn't know any spells.
Your spell library was empty.

Dungeon Overview and Level Annotations

Branches:
Dungeon (8/12)             Temple (0/1) D:7            Lair (0/6) D:7
    Orc: D:8-11

Altars:
Elyvilon
Gozag
Makhleb
Nemelex Xobeh
Okawaru
Sif Muna
Trog
Uskayaw
Xom

Shops:
D:5 (   D:7 [

Annotations:
D:7 2 transporters, woooter's ghost, novice AvAE


Innate Abilities, Weirdness & Mutations

You do not eat or drink.
You are immune to poison.
Your flesh is cold resistant. (rC+)
Your body sometimes deteriorates upon taking damage.
You are immune to negative energy. (rN+++)
You regenerate a little health from kills.
You are immune to unholy pain and torment.
You can survive without breathing.
When hurt, damage is shared between your health and your magic reserves.
Your movements are less encumbered by armour. (ER -4)
Casting spells heals you.


Message History

The gargoyle hurls a stone arrow at you.
The stone arrow hits you!
* * * LOW HITPOINT WARNING * * *
You hit the gargoyle but do no damage.
The gargoyle hits you but does no damage.
You barely miss the gargoyle. You hit the gargoyle.
The gargoyle is lightly damaged.
You block the gargoyle's attack.
You thump the gargoyle!
The gargoyle is moderately damaged.
The gargoyle hits you but does no damage.
You completely miss the gargoyle.
The gargoyle is moderately damaged.
You block the gargoyle's attack.
You thump the gargoyle!
The gargoyle is severely damaged.
The gargoyle hurls a stone arrow at you.
The stone arrow hits you!
You die...

.. .........#
...###........#
8..._...8.....###
...%)!..........#
8.......8...h....
..........####...
8.......8........
...........####!.
.......@9###
#.....##.# #.....
.!.. #....
##.#.$. ....
#.#..... #. ..#
.... # ### ...
...


You could see a gargoyle.

Vanquished Creatures
  A two-headed ogre (D:7)
  A deep elf mage (D:6)
  An ugly thing (D:7)
  Sigmund (D:6)
  A wyvern (D:6)
  Edmund (D:5)
  2 black bears
  2 orc warriors
  3 phantoms
  An ogre (D:6)
  An ice beast (D:7)
  A centaur (D:6)
  4 bullfrogs
  2 scorpions
  A howler monkey (D:4)
  A crimson imp (D:5)
  A bullfrog zombie (D:7)
  6 orc wizards
  A centaur zombie (D:5)
  3 hounds
  Crazy Yiuf (D:3)
  5 orc priests
  A bullfrog skeleton (D:6)
  Jessica (D:3)
  An iguana (D:5)
  3 worker ants
  3 hound zombies
  A hound skeleton (D:7)
  12 adders
  A shadow imp (D:4)
  2 oozes
  4 worms
  2 dart slugs
  2 leopard geckos
  17 orcs
  7 bats
  4 giant cockroaches
  2 goblins (D:1)
  6 hobgoblins
  10 jackals
  5 quokkas
  A ball python (D:1)
  3 frilled lizards
  9 kobolds
  9 rats
147 creatures vanquished.

Vanquished Creatures (others)
  4 fungi (D:7)
4 creatures vanquished.

Grand Total: 151 creatures vanquished

Notes
Turn   | Place    | Note
-------+----------+-------------------------------------------
     0 | D:1      | Freyura the Skeleton Fighter began the quest for the Orb.
     0 | D:1      | Reached XP level 1. HP: 14/14 MP: 1/1
   135 | D:1      | Found a sparkling altar of Nemelex Xobeh.
   193 | D:1      | Reached XP level 2. HP: 13/19 MP: 2/2
   380 | D:1      | Reached skill level 3 in Maces & Flails
   626 | D:1      | Reached XP level 3. HP: 21/23 MP: 3/3
   845 | D:2      | Found a burning altar of Makhleb.
   872 | D:2      | Became a worshipper of Makhleb the Destroyer
   972 | D:2      | Found a shimmering altar of Xom.
  1853 | D:3      | Found a bloodstained altar of Trog.
  1865 | D:3      | Reached skill level 1 in Dodging
  1887 | D:3      | Reached XP level 4. HP: 26/28 MP: 2/4
  1965 | D:3      | Noticed a black bear
  1978 | D:3      | Killed a black bear
  1978 | D:3      | Reached * piety under Makhleb
  1978 | D:3      | Reached skill level 4 in Maces & Flails
  1978 | D:3      | Reached skill level 1 in Invocations
  1978 | D:3      | Reached XP level 5. HP: 31/33 MP: 3/5
  2166 | D:3      | Noticed Jessica
  2173 | D:3      | Killed Jessica
  2207 | D:3      | Gained mutation: You regenerate a little health from kills.
                  | [Skeleton growth]
  2207 | D:3      | Reached XP level 6. HP: 17/38 MP: 2/7
  2340 | D:3      | Found a runed door.
  2692 | D:3      | Noticed Crazy Yiuf
  2701 | D:3      | Killed Crazy Yiuf
  2793 | D:4      | Reached skill level 5 in Maces & Flails
  3164 | D:4      | Found an iron altar of Okawaru.
  3382 | D:4      | Found a shimmering blue altar of Sif Muna.
  3535 | D:4      | Reached skill level 5 in Shields
  3535 | D:4      | Reached XP level 7. HP: 43/43 MP: 8/8
  3610 | D:5      | Entered Level 5 of the Dungeon
  3856 | D:5      | Reached ** piety under Makhleb
  3985 | D:5      | Reached skill level 6 in Maces & Flails
  4000 | D:5      | Found an opulent altar of Gozag.
  4070 | D:5      | Found Zummid's Weapon Shoppe.
  4094 | D:6      | Noticed Edmund
  4115 | D:5      | Killed Edmund
  4152 | D:6      | Reached skill level 5 in Armour
  4169 | D:6      | Reached XP level 8. HP: 48/48 MP: 8/10
  4324 | D:6      | Reached skill level 7 in Maces & Flails
  4541 | D:6      | Reached skill level 5 in Fighting
  4715 | D:6      | Noticed Sigmund
  4724 | D:6      | Killed Sigmund
  4854 | D:6      | Noticed a deep elf mage
  4877 | D:6      | Killed a deep elf mage
  4877 | D:6      | Reached skill level 8 in Maces & Flails
  4877 | D:6      | Reached XP level 9. HP: 23/54 MP: 2/11
  5108 | D:7      | Found a white marble altar of Elyvilon.
  5135 | D:7      | Reached *** piety under Makhleb
  5260 | D:7      | Found a staircase to the Ecumenical Temple.
  5333 | D:7      | Got a bone hunting sling
  5387 | D:7      | Found a staircase to the Lair.
  5439 | D:7      | Found a transporter.
  5443 | D:7      | Noticed woooter's ghost (novice AvAE)
  5460 | D:7      | Found a transporter.
  5461 | D:7      | Got a twisted arbalest
  5542 | D:7      | Found Diofeose's Antique Armour Shop.
  5825 | D:8      | Found a hide-covered altar of Uskayaw.
  5837 | D:8      | Reached skill level 9 in Maces & Flails
  5838 | D:8      | Noticed a two-headed ogre
  5841 | D:8      | Noticed a brown ugly thing
  5854 | D:8      | Noticed a gargoyle
  5869 | D:7      | Killed a brown ugly thing
  5869 | D:7      | Reached skill level 5 in Dodging
  5873 | D:7      | Killed a two-headed ogre
  5873 | D:7      | Gained mutation: Your movements are less encumbered by
                  | armour. (ER -4) [Skeleton growth]
  5873 | D:7      | Reached XP level 10. HP: 21/60 MP: 2/13
  6063 | D:8      | Killed from afar by a gargoyle

Skill      XL: |  1  2  3  4  5  6  7  8  9 |
---------------+----------------------------+-----
Maces & Flails | 3 4 5 6 8 9 |  9.7
Shields        | 4 5 6 7 |  7.6
Dodging        | 1 2 3 4 5 |  5.2
Armour         | 4 5 6 |  6.9
Invocations    | 1 2 3 4 |  4.7
Fighting       | 4 5 6 |  6.3

Action                   |  1- 3 |  4- 6 |  7- 9 | 10-12 || total
-------------------------+-------+-------+-------+-------++-------
Melee: Flail             |    91 |       |   278 |    10 ||   379
       Whip              |    79 |   184 |    61 |       ||   324
  Use: Scroll            |     7 |     2 |     1 |       ||    10
Armor: Scale mail        |   100 |    72 |    84 |       ||   256
       Chain mail        |       |       |    60 |     3 ||    63
Dodge: Dodged            |    77 |    41 |   118 |     4 ||   240
Block: Shield            |   119 |    73 |   175 |     2 ||   369
